 Dungeon Crawl Stone Soup version 0.21.1-1-g345015fe64 (webtiles) character file.

185 Oravi the Vandal (level 5, -4/35 HPs)
             Began as a Halfling Hunter on Apr 21, 2018.
             Killed from afar by an orc wizard (7 damage)
             ... with a puff of flame
             ... on level 4 of the Dungeon.
             The game lasted 00:10:24 (3160 turns).

Oravi the Vandal (Halfling Hunter)                  Turns: 3160, Time: 00:10:25

Health: -4/35      AC:  4    Str: 13    XL:     5   Next: 96%
Magic:  5/5        EV: 13    Int:  9    God:
Gold:   130        SH: 10    Dex: 16    Spells: 4/4 levels left

rFire    . . .     SeeInvis .   b - +0 short sword
rCold    . . .     Gourm    .   g - +1 shield
rNeg     . . .     Faith    .   c - +0 leather armour
rPois    .         Spirit   .   (no helmet)
rElec    .         Reflect  .   (no cloak)
rCorr    .         Harm     .   (no gloves)
MR       .....                  l - +0 pair of boots
Stlth    ++........             (no amulet)
HPRegen  0.11/turn              e - ring of flight
MPRegen  0.09/turn              (no ring)

@: no status effects
A: small, mutation resistance 1
a: Evoke Flight


You were on level 4 of the Dungeon.
You were hungry.

You visited 1 branch of the dungeon, and saw 4 of its levels.

You collected 130 gold pieces.

Inventory:

Hand Weapons
 a - a +1 hunting sling
 b - a +0 short sword (weapon)
Missiles
 d - 15 stones (quivered)
Armour
 c - a +0 leather armour (worn)
 g - a +1 shield (worn)
 l - a +0 pair of boots (worn)
Jewellery
 e - a ring of flight (left hand)
 h - a +3 amulet of reflection {unknown}
Scrolls
 o - a scroll of remove curse
Potions
 i - a potion of invisibility {unknown}
Comestibles
 f - 3 rations


   Skills:
 + Level 2.3 Fighting
 + Level 0.2 Short Blades
 + Level 7.8 Slings
 + Level 0.6 Armour
 * Level 3.1 Dodging
 - Level 1.1 Stealth
 * Level 2.5 Shields


You had 4 spell levels left.
You didn't know any spells.

Dungeon Overview and Level Annotations

Branches:
Dungeon (4/15)
 Temple: D:4-7

Altars:
Cheibriados
Gozag
Nemelex Xobeh

Annotations:
D:3 Grinder


Innate Abilities, Weirdness & Mutations

You are small and have problems with some larger weapons.
You are somewhat resistant to further mutation.


Message History

You closely miss the orc wizard.
The orc wizard is severely wounded.
The orc wizard mumbles some strange words.
The orc wizard flickers and vanishes!
Deactivating autopickup; reactivate with Ctrl-A.
You miss something. Something hits you.
* * * LOW HITPOINT WARNING * * *
You miss something. Something hits you but does no damage.
Something barely misses you.
You closely miss something. Something hits you.
* * * LOW HITPOINT WARNING * * *
You closely miss something. Something hits you but does no damage.
You miss something. Something hits you.
* * * LOW HITPOINT WARNING * * *
You miss something. Something hits you but does no damage.
You miss something.
You hear some strange, mumbled words.
A puff of flame appears from out of thin air!
The puff of flame hits you!
You die...

#######
#.((..#########
#.###.{@.......
#.# ###########
#.. ... ###o {
.#


There were no monsters in sight!

Vanquished Creatures
  An orc priest (D:2)
  Terence (D:3)
  Robin (D:3)
  An adder (D:3)
  An ooze (D:1)
  2 worms
  3 dart slugs
  3 leopard geckos (D:3)
  8 orcs
  A giant cockroach (D:2)
  17 goblins
  10 hobgoblins
  4 jackals (D:3)
  9 bats
  2 frilled lizards
  9 kobolds
  6 rats
79 creatures vanquished.

Notes
Turn   | Place    | Note
-------+----------+-------------------------------------------
     0 | D:1      | Oravi the Halfling Hunter began the quest for the Orb.
     0 | D:1      | Reached XP level 1. HP: 14/14 MP: 1/1
    87 | D:1      | Reached skill level 6 in Slings
   133 | D:1      | Reached XP level 2. HP: 19/19 MP: 2/2
   206 | D:1      | Reached skill level 1 in Shields
   576 | D:1      | Reached XP level 3. HP: 24/24 MP: 3/3
   688 | D:2      | Reached XP level 4. HP: 19/29 MP: 4/4
   818 | D:2      | Reached skill level 7 in Slings
  1649 | D:3      | Reached XP level 5. HP: 28/34 MP: 5/5
  1725 | D:3      | Noticed Robin
  1742 | D:3      | Killed Robin
  2032 | D:3      | Found a sparkling altar of Nemelex Xobeh.
  2050 | D:3      | Noticed Grinder
  2390 | D:3      | Found a snail-covered altar of Cheibriados.
  2486 | D:3      | Found an opulent altar of Gozag.
  2771 | D:3      | Noticed Terence
  2787 | D:3      | Killed Terence
  3160 | D:4      | Killed from afar by an orc wizard

Skill      XL: |  1  2  3  4  5 |
---------------+----------------+-----
Slings         | 6 7 |  7.8
Shields        | 1 2 |  2.5
Fighting       | 2 |  2.3
Dodging        | 3 |  3.1
Short Blades   | |  0.2
Armour         | |  0.6
Stealth        | |  1.1

Action                   |  1- 3 |  4- 6 || total
-------------------------+-------+-------++-------
Melee: Short sword       |       |    31 ||    31
 Fire: Hunting sling     |    50 |   234 ||   284
  Use: Scroll            |       |     6 ||     6
       Potion            |       |     1 ||     1
  Eat: Chunk             |       |     6 ||     6
Armor: Leather armour    |       |    22 ||    22
Dodge: Dodged            |     4 |    33 ||    37
Block: Shield            |     6 |    36 ||    42
